 Dungeon Crawl Stone Soup version 0.19-a0-1855-gb7442ac (webtiles) character file.

1324 Amnesiac the Slicer (level 8, -2/50 HPs)
             Began as a Halfling Assassin on Oct 12, 2016.
             Shot with an arrow by a centaur (5 damage)
             ... on level 6 of the Dungeon.
             The game lasted 00:11:42 (5683 turns).

Amnesiac the Slicer (Halfling Assassin)             Turns: 5683, Time: 00:11:43

Health: -2/50      AC: 11    Str: 14    XL:     8   Next: 91%
Magic:  17/17      EV:  6    Int:  9    God:
Gold:   261        SH:  0    Dex: 18    Spells: 0 memorised, 7 levels left

rFire  . . .     SeeInvis .     w - +2 dagger
rCold  . . .     Gourm    .     i - +0 plate armour
rNeg   . . .     Faith    .     (shield restricted)
rPois  +         Spirit   .     (no helmet)
rElec  .         Dismiss  .     d - +0 cloak
rCorr  +         Reflect  .     (no gloves)
MR     .....     Harm     .     (no boots)
Stlth  ..........               (no amulet)
                                k - ring of magical power
                                s - ring of resist corrosion

@: no status effects
A: agile 1, mutation resistance 1, poison resistance
a: no special abilities


You were on level 6 of the Dungeon.
You were not hungry.

You visited 1 branch of the dungeon, and saw 6 of its levels.

You collected 261 gold pieces.

Inventory:

Hand Weapons
 e - a +0 blowgun
 f - a +1 quarterstaff of speed
 m - a +0 rapier
 w - a +2 dagger (weapon)
Missiles
 p - 5 curare-tipped needles
 r - 5 poisoned needles
Armour
 d - a +0 cloak (worn)
 i - a +0 plate armour (worn)
Jewellery
 h - an uncursed ring of fire
 k - a ring of magical power (right hand)
 s - a ring of resist corrosion (left hand)
Wands
 l - a wand of flame (13/48)
Scrolls
 c - 2 scrolls of identify
 o - a scroll of recharging
 q - a scroll of immolation
 v - a scroll of fog {unknown}
Potions
 b - a potion of flight {unknown}
Comestibles
 g - 4 bread rations
 j - 5 fruits
 n - 2 beef jerkies
 t - a slice of pizza
 u - 2 chunks of flesh


   Skills:
 - Level 2.0 Fighting
 - Level 10.1 Short Blades
 + Level 5.8 Throwing
 - Level 1.1 Dodging
 - Level 5.0 Stealth


You had 7 spell levels left.
You didn't know any spells.

Dungeon Overview and Level Annotations

Branches:
Dungeon (6/15)
 Temple: D:4-7

Altars:
Trog
Vehumet
Xom
Yredelemnul
The Shining One

Annotations:
D:5 KarmaPolice's ghost, novice HaHu


Innate Abilities, Weirdness & Mutations

You are small and have problems with some larger weapons.
You are somewhat resistant to further mutation.
You are agile. (Dex +2)
Your system is resistant to poisons. (rPois)


Message History

Things that are here:
a stone; a dagger The crimson imp throws a stone.
The stone hits you but does no damage.
You see here a stone.
The centaur shoots an arrow.
The arrow hits you but does no damage.
There is a stone staircase leading down here.
You see here an arrow.
There is an open door here.
You see here an arrow.
Okay, then.
Okay, then.
There is an open door here.
The crimson imp blinks!
The centaur shoots an arrow.
The arrow barely misses you.
You see here an arrow.
The centaur shoots an arrow.
The arrow hits you.
* * * LOW HITPOINT WARNING * * *
You see here an arrow.
The centaur shoots an arrow.
The arrow hits you.
You die...

#...#..........+
#...#..........#
#...##..####..##
#...##..####..##
######.........#
#...##..[......#
#...'........[.#
#...##..########
#..@##.(#####
#.(..#.(#...#
#(O..#.(#...#
#....#.(#...#...
#..c.#..'...'...
#....#..#...#...
#...##5.#####
##'###))##..###'#
#...##...#.......


You could see an ogre and a centaur.

Vanquished Creatures
  Sigmund (D:3)
  Duvessa (D:6)
  An ogre (D:5)
  2 centaurs (D:5)
  A scorpion (D:5)
  Dowan (D:6)
  2 howler monkeys
  2 crimson imps (D:5)
  2 hounds (D:5)
  3 orc priests
  An orc wizard (D:3)
  2 iguanas
  2 bullfrog skeletons
  4 worker ants
  A hound zombie (D:5)
  4 gnolls (D:4)
  6 adders
  A river rat (D:5)
  4 adder zombies
  An adder skeleton (D:4)
  2 worms
  A dart slug (D:3)
  The ghost of Amnesiac the Sneak, a weakling DEAs (D:4)
  5 leopard geckos
  9 orcs
  2 bats
  A giant cockroach (D:3)
  4 goblins
  A hobgoblin (D:2)
  5 kobolds
  A quokka (D:3)
  5 frilled lizards
  3 rats
82 creatures vanquished.

Vanquished Creatures (others)
  An orc wizard (D:3)
  7 orcs (D:3)
8 creatures vanquished.

Grand Total: 90 creatures vanquished

Notes
Turn   | Place    | Note
-------+----------+-------------------------------------------
     0 | D:1      | Amnesiac the Halfling Assassin began the quest for the Orb.
     0 | D:1      | Reached XP level 1. HP: 14/14 MP: 1/1
    62 | D:1      | Reached skill level 3 in Short Blades
   239 | D:2      | Reached XP level 2. HP: 19/19 MP: 2/2
   411 | D:3      | Found a bloodstained altar of Trog.
   512 | D:3      | Reached skill level 4 in Short Blades
   512 | D:3      | Reached XP level 3. HP: 5/24 MP: 3/3
   889 | D:4      | Noticed Amnesiac's ghost (weakling DEAs)
   899 | D:4      | Killed Amnesiac's ghost
  1087 | D:4      | Reached skill level 5 in Short Blades
  1087 | D:4      | Reached XP level 4. HP: 14/29 MP: 4/4
  1363 | D:3      | Noticed Sigmund
  1376 | D:3      | Killed Sigmund
  1376 | D:3      | Reached skill level 7 in Short Blades
  1376 | D:3      | Reached XP level 5. HP: 7/34 MP: 5/5
  1376 | D:3      | Reached XP level 6. HP: 9/39 MP: 6/6
  1666 | D:3      | Found a radiant altar of Vehumet.
  1756 | D:3      | Reached skill level 8 in Short Blades
  2391 | D:5      | Entered Level 5 of the Dungeon
  2408 | D:5      | Reached XP level 7. HP: 23/44 MP: 7/7
  2419 | D:5      | Noticed KarmaPolice's ghost (novice HaHu)
  2874 | D:4      | Found a basalt altar of Yredelemnul.
  2923 | D:4      | Reached skill level 9 in Short Blades
  3320 | D:4      | Found a glowing golden altar of the Shining One.
  4333 | D:5      | Reached skill level 10 in Short Blades
  4333 | D:5      | Reached XP level 8. HP: 25/50 MP: 8/8
  4478 | D:5      | Reached skill level 5 in Stealth
  4713 | D:5      | Gained mutation: Your system is resistant to poisons. (rPois) [potion of mutation]
  4714 | D:5      | Found a shimmering altar of Xom.
  5581 | D:6      | Noticed Dowan
  5586 | D:6      | Noticed Duvessa
  5588 | D:6      | Killed Dowan
  5588 | D:6      | Reached skill level 5 in Throwing
  5606 | D:6      | Killed Duvessa
  5668 | D:6      | Gained mutation: You are agile. (Dex +2) [potion of mutation]
  5683 | D:6      | Shot with an arrow by a centaur

Vault maps used:
D:1:      evilmike_arrival_plus, hangedman_abyss_or_decor_stabs,
          serial_bayou_crossing
D:2:      first_bread
D:3:      fiery_altar_vehumet, nicolae_overflow_crystal_walls,
          hangedman_feature_mirror, uniq_sigmund
D:4:      lemuel_doored_altar, yredelemnul_altar_generic
D:5:      lemuel_round_altar, gup_sewer_entry_bowl
D:6:      dancing_weapons_uskayaw, serial_shops, nicolae_shop_waterfront,
          fedhas_altar_4, uniq_duvessa

Skill      XL: |  1  2  3  4  5  6  7  8 |
---------------+-------------------------+-----
Short Blades   | 3 4 5 7 8 10 | 10.1
Fighting       | 2 |  2.0
Stealth        | 5 |  5.0
Throwing       | 5 |  5.8
Dodging        | |  1.1

Action                   |  1- 3 |  4- 6 |  7- 9 || total
-------------------------+-------+-------+-------++-------
Melee: Dagger            |    84 |   142 |   492 ||   718
 Fire: Blowgun           |     2 |     9 |    34 ||    45
Evoke: Wand              |       |       |    15 ||    15
  Use: Potion            |     2 |       |     2 ||     4
       Scroll            |       |       |     8 ||     8
 Stab: Sleeping          |     1 |       |       ||     1
  Eat: Chunk             |       |     5 |    10 ||    15
Armor: Plate armour      |    47 |    68 |   209 ||   324
       Robe              |     3 |       |       ||     3
       Skin              |     5 |       |       ||     5
Dodge: Dodged            |    26 |    32 |   107 ||   165
